 Dungeon Crawl Stone Soup version 0.28-a0-664-gc179e30c89 (webtiles) character file.

Game seed: 5452002130104694255

186 mordus the Shield-Bearer (level 5, -1/41 HPs)
             Began as a Formicid Fighter on Oct 15, 2021.
             Slain by an orc warrior (17 damage)
             ... on level 3 of the Dungeon.
             The game lasted 00:06:21 (2169 turns).

mordus the Shield-Bearer (Formicid Fighter)         Turns: 2169, Time: 00:06:21

Health: -1/41      AC:  9    Str: 21    XL:     5   Next: 97%
Magic:  5/5        EV:  7    Int:  8    God:
Gold:   130        SH:  5    Dex: 10    Spells: 4/4 levels left

rFire   . . .      SeeInvis +   a - +0 flail
rCold   . . .      Faith    .   c - +0 buckler
rNeg    . . .      Spirit   .   j - +0 chain mail
rPois   .          Reflect  .   (helmet unavailable)
rElec   .          Harm     .   (no cloak)
rCorr   .          Rampage  .   (no gloves)
Will    .....                   (no boots)
Stlth   ..........              i - amulet of regeneration
HPRegen 1.13/turn               (no ring)
MPRegen 0.09/turn               (no ring)

@: no status effects
A: permanent stasis, dig shafts and tunnels, antennae 3, four strong arms
a: Dig, Shaft Self


You were on level 3 of the Dungeon.
You visited 1 branch of the dungeon, and saw 3 of its levels.

You collected 130 gold pieces.

Inventory:

Hand Weapons
 a - a +0 flail (weapon)
Armour
 b - a +0 scale mail
 c - a +0 buckler (worn)
 j - a +0 chain mail (worn)
Jewellery
 i - an amulet of regeneration (around neck)
Scrolls
 e - 4 scrolls of identify {unknown}
 h - a scroll of silence {unknown}
 l - 2 scrolls of brand weapon {unknown}
 m - a scroll of enchant armour {unknown}
 p - a scroll of teleportation {unknown}
 r - a scroll of noise {unknown}
 s - a scroll of fog {unknown}
Potions
 d - a potion of might
 g - a potion of attraction {unknown}
 k - a potion of degeneration {unknown}
 n - a potion of curing {unknown}
 o - a potion of mutation {unknown}
 q - a potion of brilliance {unknown}


   Skills:
 - Level 3.2 Fighting
 * Level 4.2 Maces & Flails
 + Level 4.3 Armour
 + Level 4.9 Shields


You had 4 spell levels left.
You didn't know any spells.
Your spell library contained the following spells:

 Spells                   Type           Power      Damage    Failure   Level
 Corpse Rot               Necr/Air       N/A        N/A       99%         2
 Dispel Undead            Necr           0%         3d6       100%        4
 Death Channel            Necr           0%         N/A       100%        6


Dungeon Overview and Level Annotations

Branches:
Dungeon (3/15)

Altars:

Shops:
D:1 !   D:2 !


Innate Abilities, Weirdness & Mutations

You cannot be hasted, slowed, berserked, paralysed or teleported.
You can dig through walls and to a lower floor.
You have a pair of large antennae on your head. (SInv)
Your four strong arms can wield two-handed weapons with a shield.


Message History

The orc warrior hits you but does no damage.
Your transformation is almost over.
The orc warrior hits you from afar with a +0 trident.
The orc warrior hits you from afar with a +0 trident.
You block the orc warrior's attack.
The orc warrior hits you but does no damage.
The orc warrior hits you but does no damage.
You block the orc warrior's attack.
The orc warrior hits you from afar with a +0 trident!
The orc warrior hits you but does no damage.
The orc warrior hits you from afar with a +0 trident.
The orc warrior barely misses you.
You feel less wooden.
Your +0 chain mail unmelds from your body.
The orc warrior hits you but does no damage.
The orc warrior hits you from afar with a +0 trident.
There is a stone staircase leading up here.
The orc warrior barely misses you.
You climb upwards.
There is a stone staircase leading down here.
You start resting.
HP restored.
You climb downwards.
There is a stone staircase leading up here.
The orc warrior closely misses you.
You closely miss the orc warrior. The orc warrior completely misses you.
The orc warrior hits you with a +0 trident!
You closely miss the orc warrior.
The orc warrior hits you with a +0 trident!
You closely miss the orc warrior.
The orc warrior hits you with a +0 trident.
You barely miss the orc warrior.
The orc warrior hits you with a +0 trident.
You hit the orc warrior.
The orc warrior is lightly wounded.
The orc warrior barely misses you.
You closely miss the orc warrior.
The orc warrior is lightly wounded.
The orc warrior hits you with a +0 trident! x2
You die...

#.......# #.. ≈.#.+ #.......# #.#
o≈..# #######.......# #.# #...#
..............# #.# ... .####
#.......# ##.#####'####. ...#
#.......# ####.............
†#.####.......###....###........#
.....##.......##..#.......†.....#
...#.........<..@o..####........#
)..# ##.####.......### ##########
...####. ###.#..#......
.......)##...#....#####
......................
..#####...##......#### ...#
#.#.........# ...# #.#...###.#.#
...# #.#.#...#.#.#


You could see an orc warrior.

Vanquished Creatures
  An orc wizard (D:3)
  Terence (D:2)
  2 adders
  A worm (D:2)
  3 dart slugs
  11 orcs (D:3)
  6 ball pythons
  5 endoplasms
  A giant cockroach (D:2)
  9 goblins
  8 hobgoblins
  4 jackals (D:1)
  9 kobolds
  6 quokkas
  11 bats
  3 frilled lizards
  6 rats
87 creatures vanquished.

Notes
Turn   | Place    | Note
-------+----------+-------------------------------------------
     0 | D:1      | mordus the Formicid Fighter began the quest for the Orb.
     0 | D:1      | Reached XP level 1. HP: 18/18 MP: 1/1
   136 | D:1      | Reached XP level 2. HP: 24/24 MP: 2/2
   159 | D:1      | Found a faded altar of an unknown god.
   340 | D:1      | Reached XP level 3. HP: 24/29 MP: 3/3
   741 | D:1      | Found Witsuske's Distillery.
  1033 | D:2      | Reached XP level 4. HP: 35/35 MP: 4/4
  1054 | D:2      | Noticed Terence
  1085 | D:2      | Killed Terence
  1199 | D:2      | Found Figiann's Distillery.
  1218 | D:2      | Reached XP level 5. HP: 33/41 MP: 5/5
  2107 | D:3      | Noticed an orc warrior
  2169 | D:3      | Slain by an orc warrior

Illustrated notes

Levels and vault maps discovered:
D:1:      pf_arrival_petrified_forest, layout_loops_ring,
          hellmonk_ecumenical_altar_blasted, serial_shops, nicolae_shop_stone,
          minmay_hexomino_u4
D:2:      layout_basic, serial_shops, shop, uniq_terence
D:3:      layout_rooms, chequers_serial_rivers_room_a,
          kennysheep_generic_room_10

Skill      XL: |  1  2  3  4  5 |
---------------+----------------+-----
Shields        | 4 |  4.9
Maces & Flails | 3 4 |  4.2
Armour         | 4 |  4.3
Fighting       | |  3.2

Action                   |  1- 3 |  4- 6 || total
-------------------------+-------+-------++-------
Melee: Flail             |   114 |   170 ||   284
  Use: Potion            |       |     1 ||     1
Armor: Scale mail        |    40 |       ||    40
       Chain mail        |    31 |   102 ||   133
       Skin              |       |    12 ||    12
Dodge: Dodged            |    59 |    74 ||   133
Block: Buckler           |    37 |    45 ||    82

Table legend: (Time is in decaauts)
 A = Elapsed time spent in this place.
 B = Non-inter-level travel time spent in this place.
 C = Inter-level travel time spent in this place.
 D = Time resting spent in this place.
 E = Time spent auto-exploring this place.
 F = Levels seen in this place.
 G = Mean time per level.
                   A        B        C        D        E       F      G
               +--------+--------+--------+--------+--------+-----+--------+
         Total |   2235 |   2180 |     55 |    185 |   1268 |   3 |  745.0 |
       Dungeon |   2235 |   2180 |     55 |    185 |   1268 |   3 |  745.0 |
               +--------+--------+--------+--------+--------+-----+--------+

Top non-repeatable levels by time:
     D:1: 1006 daAuts
     D:2: 779 daAuts
     D:3: 449 daAuts
